3030 views
Uploaded 2020-02-12 19:37:47
Game version 1.32 / 1.32.1
12:40 long 2on2 ladder game on (4)LostTemple_LV
Saved by iggythefisk
3030 views
Uploaded 2020-02-12 19:37:47
Game version 1.32 / 1.32.1
12:40 long 2on2 ladder game on (4)LostTemple_LV


51 units @ 6.8k
/ 0.7k
19 buildings @ 2.6k
/ 1k


| Healing Salve | 2 | 200 |
| Lesser Clarity Potion | 1 | 70 |
| total: | 3 | 270g |
| Peon | 7 | 525 | / | 0 |
| Grunt | 4 | 800 | / | 0 |
| Raider | 10 | 1800 | / | 400 |
| total: | 21 | 3125g | / | 400w |
| Altar of Storms | 1 | 180 | / | 50 |
| Orc Burrow | 4 | 640 | / | 160 |
| Barracks | 1 | 180 | / | 50 |
| Voodoo Lounge | 1 | 130 | / | 30 |
| Beastiary | 2 | 290 | / | 280 |
| Stronghold | 1 | 315 | / | 190 |
| total: | 9 | 1420g | / | 570w |
| 0:04 | Altar of Storms |
| 0:05 | Peon |
| 0:12 | Peon |
| 0:22 | Orc Burrow |
| 0:25 | Peon |
| 0:37 | Barracks |
| 0:52 | Peon |
| 1:05 | Peon |
| 1:21 | Peon |
| 1:28 | Orc Burrow |
| 1:37 | Grunt |
| 1:45 | Peon |
| 2:07 | Grunt |
| 2:12 | Wind Walk |
| 2:19 | Voodoo Lounge |
| 2:43 | Grunt |
| 3:09 | Stronghold |
| 3:41 | Grunt |
| 4:17 | Orc Burrow |
| 5:30 | Beastiary |
| 5:32 | Beastiary |
| 5:36 | Berserker Strength |
| 5:41 | Healing Salve |
| 5:42 | Healing Salve |
| 5:45 | Lesser Clarity Potion |
| 6:38 | Serpent Ward |
| 6:47 | Raider |
| 6:47 | Ensnare |
| 7:03 | Raider |
| 8:08 | Healing Wave |
| 8:21 | Raider |
| 9:08 | Raider |
| 9:35 | Raider |
| 9:38 | Orc Burrow |
| 10:05 | Pillage |
| 10:37 | Raider |
| 10:56 | Raider |
| 11:09 | Healing Wave |
| 11:47 | Raider |
| 11:53 | Critical Strike |
| 12:03 | Raider |
| 12:19 | Raider |
| Right click | 770 |
| Assign group | 297 |
| Select | 238 |
| Select group | 226 |
| Misc. action | 46 |
| Build/train/purchase | 42 |
| Use ability | 42 |
| Resource trade | 38 |
| Chat | 7 |
| Item give/drop | 1 |


| Peasant | 14 | 1050 | / | 0 |
| Footman | 4 | 540 | / | 0 |
| Rifleman | 5 | 1025 | / | 150 |
| Sorceress | 5 | 775 | / | 100 |
| Priest | 2 | 270 | / | 20 |
| total: | 30 | 3660g | / | 270w |
| Altar of Kings | 1 | 180 | / | 50 |
| Barracks | 1 | 160 | / | 60 |
| Farm | 5 | 400 | / | 100 |
| Blacksmith | 1 | 140 | / | 60 |
| Arcane Vault | 1 | 130 | / | 30 |
| Arcane Sanctum | 1 | 150 | / | 140 |
| Keep | 1 | 320 | / | 210 |
| total: | 10 | 1160g | / | 440w |
| 0:00 | Peasant |
| 0:04 | Altar of Kings |
| 0:06 | Peasant |
| 0:16 | Barracks |
| 0:18 | Peasant |
| 0:31 | Farm |
| 0:42 | Peasant |
| 0:59 | Farm |
| 1:00 | Peasant |
| 1:10 | Peasant |
| 1:17 | Footman |
| 1:31 | Footman |
| 1:35 | Farm |
| 1:53 | Footman |
| 2:04 | Summon Water Elemental |
| 2:09 | Footman |
| 2:35 | Keep |
| 3:01 | Blacksmith |
| 4:18 | Arcane Vault |
| 4:19 | Rifleman |
| 4:22 | Farm |
| 4:42 | Rifleman |
| 4:45 | Farm |
| 5:23 | Rifleman |
| 5:25 | Arcane Sanctum |
| 6:21 | Storm Bolt |
| 7:01 | Sorceress |
| 7:19 | Rifleman |
| 7:23 | Sorceress |
| 7:33 | Brilliance Aura |
| 7:59 | Bash |
| 8:15 | Peasant |
| 8:22 | Priest |
| 8:50 | Peasant |
| 8:53 | Sorceress |
| 9:13 | Peasant |
| 9:28 | Peasant |
| 9:37 | Peasant |
| 10:00 | Peasant |
| 10:05 | Sorceress |
| 10:17 | Peasant |
| 10:35 | Priest |
| 10:37 | Peasant |
| 10:51 | Rifleman |
| 11:04 | Summon Water Elemental |
| 11:05 | Storm Bolt |
| 11:08 | Sorceress |
| Right click | 1071 |
| Select | 436 |
| Select group | 272 |
| Assign group | 74 |
| Build/train/purchase | 58 |
| Misc. action | 32 |
| Use ability | 17 |
| Minimap ping | 3 |
/ 0.6k
22 buildings @ 4k
/ 1.2k

| Wisp | 18 | 1080 | / | 0 |
| Huntress | 15 | 2925 | / | 300 |
| total: | 33 | 4005g | / | 300w |
| Altar of Elders | 1 | 180 | / | 50 |
| Moon Well | 7 | 1260 | / | 280 |
| Hunter's Hall | 1 | 210 | / | 100 |
| Ancient of War | 2 | 300 | / | 120 |
| Ancient of Wonders | 1 | 90 | / | 30 |
| Tree of Life | 1 | 340 | / | 185 |
| Tree of Ages | 1 | 320 | / | 180 |
| total: | 13 | 2380g | / | 765w |
| 0:02 | Wisp |
| 0:03 | Altar of Elders |
| 0:14 | Wisp |
| 0:17 | Moon Well |
| 0:26 | Wisp |
| 0:37 | Wisp |
| 0:50 | Wisp |
| 1:11 | Wisp |
| 1:20 | Hunter's Hall |
| 1:28 | Wisp |
| 1:28 | Wisp |
| 1:46 | Ancient of War |
| 1:54 | Wisp |
| 2:11 | Ancient of War |
| 2:25 | Mana Burn |
| 2:40 | Moon Well |
| 2:43 | Wisp |
| 2:50 | Moon Well |
| 3:11 | Huntress |
| 3:16 | Moon Well |
| 3:26 | Moon Well |
| 4:04 | Ancient of Wonders |
| 4:04 | Wisp |
| 4:04 | Wisp |
| 4:05 | Wisp |
| 4:21 | Huntress |
| 4:22 | Huntress |
| 4:26 | Moon Well |
| 5:05 | Huntress |
| 5:24 | Tree of Ages |
| 5:31 | Huntress |
| 6:04 | Sentinel |
| 6:04 | Huntress |
| 6:48 | Huntress |
| 6:56 | Strength of the Wild |
| 7:06 | Moon Well |
| 7:39 | Huntress |
| 8:10 | Huntress |
| 8:22 | Reinforced Hides |
| 8:26 | Evasion |
| 8:40 | Huntress |
| 8:44 | Moon Glaive |
| 9:23 | Huntress |
| 9:24 | Huntress |
| 9:55 | Huntress |
| 10:03 | Huntress |
| 10:08 | Mana Burn |
| 10:35 | Tree of Life |
| 11:28 | Evasion |
| 11:52 | Huntress |
| 12:05 | Mana Burn |
| 12:29 | Improved Reinforced Hides |
| 12:36 | Wisp |
| 12:36 | Wisp |
| 12:37 | Wisp |
| 12:37 | Wisp |
| 12:37 | Wisp |
| Right click | 836 |
| Select | 399 |
| Select group | 262 |
| Misc. action | 73 |
| Build/train/purchase | 50 |
| Use ability | 29 |
| Assign group | 24 |
| Esc | 4 |
| Minimap ping | 2 |

| Wisp | 15 | 900 | / | 0 |
| Huntress | 15 | 2925 | / | 300 |
| Archer | 2 | 260 | / | 20 |
| total: | 32 | 4085g | / | 320w |
| Altar of Elders | 1 | 180 | / | 50 |
| Moon Well | 5 | 900 | / | 200 |
| Hunter's Hall | 1 | 210 | / | 100 |
| Ancient of War | 2 | 300 | / | 120 |
| Tree of Ages | 1 | 320 | / | 180 |
| total: | 9 | 1590g | / | 470w |
| 0:04 | Wisp |
| 0:05 | Altar of Elders |
| 0:11 | Wisp |
| 0:19 | Moon Well |
| 0:26 | Wisp |
| 0:35 | Wisp |
| 0:46 | Wisp |
| 1:01 | Wisp |
| 1:10 | Wisp |
| 1:21 | Wisp |
| 1:44 | Hunter's Hall |
| 1:47 | Wisp |
| 2:02 | Ancient of War |
| 2:04 | Ancient of War |
| 2:07 | Trueshot Aura |
| 2:19 | Moon Well |
| 3:08 | Huntress |
| 3:10 | Huntress |
| 3:46 | Wisp |
| 3:53 | Huntress |
| 3:56 | Moon Well |
| 4:07 | Wisp |
| 4:08 | Huntress |
| 4:21 | Huntress |
| 4:23 | Strength of the Moon |
| 4:34 | Wisp |
| 4:37 | Wisp |
| 4:37 | Wisp |
| 4:57 | Huntress |
| 5:23 | Huntress |
| 5:46 | Moon Armor |
| 5:52 | Moon Well |
| 6:00 | Wisp |
| 6:25 | Searing Arrows |
| 6:44 | Huntress |
| 6:55 | Trueshot Aura |
| 7:11 | Tree of Ages |
| 7:43 | Searing Arrows |
| 8:21 | Huntress |
| 8:56 | Huntress |
| 9:20 | Huntress |
| 9:33 | Moon Glaive |
| 9:49 | Huntress |
| 9:59 | Improved Strength of the Moon |
| 10:27 | Huntress |
| 10:55 | Huntress |
| 11:22 | Huntress |
| 11:24 | Moon Well |
| 11:47 | Trueshot Aura |
| 11:51 | Improved Moon Armor |
| 12:26 | Improved Bows |
| 12:27 | Archer |
| 12:27 | Archer |
| Right click | 558 |
| Select group | 311 |
| Select | 282 |
| Assign group | 115 |
| Build/train/purchase | 49 |
| Misc. action | 18 |
| Chat | 16 |
| Use ability | 8 |
| Minimap ping | 3 |
⇛